 Dungeon Crawl Stone Soup version 0.29-a0-284-gf9362112df (webtiles) character file.

Game seed: 6073788302336372874

7833 croobank the Covert (level 11, -4/52 HPs)
             Began as a Felid Delver on Mar 20, 2022.
             Was a Believer of Vehumet.
             Slain by a catoblepas (29 damage)
             ... on level 5 of the Lair of Beasts.
             The game lasted 01:08:47 (13983 turns).

croobank the Covert (Felid Delver)                 Turns: 13983, Time: 01:08:48

Health: -4/52      AC:  2    Str: 15    XL:     11   Next: 2%
Magic:  9/20       EV: 29    Int: 11    God:    Vehumet [**....]
Gold:   720        SH:  5    Dex: 19    Spells: 5/21 levels left
                                        Lives:  0   Deaths: 3

rFire   . . .      SeeInvis +     - Unarmed
rCold   + + +      Faith    .   (shield unavailable)
rNeg    . . .      Spirit   .   (body armour unavailable)
rPois   .          Reflect  +   (helmet unavailable)
rElec   .          Harm     .   (cloak unavailable)
rCorr   .          Rampage  .   (gloves unavailable)
Will    +....                   (boots unavailable)
Stlth   +++++++...              j - amulet of reflection
HPRegen 0.17/turn               z - ring "Oruppigg" {rC+++ EV+4 Str+3 Slay-4 Stlth+}
MPRegen 0.17/turn               t - +4 ring of slaying

@: quick
A: very small, claws 1, fangs 3, see invisible, speed 1, shaggy fur 2, stealthy
paws, no weapons or thrown items, no armour, multi-lived
a: Renounce Religion


You were on level 5 of the Lair of Beasts.
You worshipped Vehumet.
Vehumet was pleased with you.
You visited 3 branches of the dungeon, and saw 14 of its levels.

You collected 780 gold pieces.
You spent 60 gold pieces at shops.

Inventory:

Missiles
 k - 160 stones
Jewellery
 g - a ring of ice
 i - a +6 ring of dexterity
 j - an amulet of reflection (around neck)
 n - an amulet of faith
 r - a +6 ring of intelligence
 t - a +4 ring of slaying (right paw)
 x - a ring of protection from fire
 z - the ring "Oruppigg" (left paw) {rC+++ EV+4 Str+3 Slay-4 Stlth+}
   (You acquired it on level 7 of the Dungeon)

   [ring of evasion]

   EV:        It affects your evasion (+4).
   Str:       It affects your strength (+3).
   Slay:      It affects your accuracy & damage with ranged weapons and melee
   (-4).
   rC:        It renders you almost immune to cold.
   Stlth:     It makes you more stealthy.
 H - the amulet of the Air {Inacc Air Fly rElec RMsl}
   (You found it on level 3 of the Lair of Beasts)

   [amulet of nothing]

   It reduces the accuracy of all your attacks.
   It enhances your air magic.
   rElec:     It insulates you from electricity.
   Fly:       It grants you flight.
   RMsl:      It protects you from missiles.
Wands
 b - a wand of flame (1) (quivered)
 e - a wand of digging (3)
 u - a wand of acid (10)
 D - a wand of paralysis (12)
 I - a wand of iceblast (5)
Scrolls
 a - 4 scrolls of fog
 c - a scroll of fear
 h - 3 scrolls of immolation
 m - 3 scrolls of magic mapping
 y - a scroll of teleportation
 A - a scroll of holy word
 C - 2 scrolls of identify
 G - a scroll of amnesia
 J - a scroll of summoning
 K - 2 scrolls of blinking {unknown}
Potions
 d - a potion of cancellation
 f - 2 potions of mutation
 l - a potion of invisibility
 o - a potion of flight
 p - a potion of degeneration {unknown}
 q - 5 potions of curing
 s - 2 potions of lignification {unknown}
 v - 2 potions of brilliance
 w - 3 potions of might {unknown}
 B - a potion of haste
 E - 2 potions of magic {unknown}
 F - 2 potions of berserk rage


   Skills:
 + Level 8.6 Fighting
 + Level 10.8 Dodging
 + Level 13.2 Stealth
 + Level 8.3 Unarmed Combat
 + Level 5.6 Spellcasting
 + Level 6.1 Summonings


You had 5 spell levels left.
You knew the following spells:

 Your Spells              Type           Power      Damage    Failure   Level
a - Passwall              Tmut/Erth      2%         N/A       30%         2
b - Call Canine Familiar  Summ           16%        N/A       4%          3
c - Shock                 Conj/Air       12%        1d3       21%         1
d - Summon Small Mammal   Summ           64%        N/A       1%          1
e - Summon Guardian Gole  Hex/Summ       9%         N/A       17%         3
f - Stone Arrow           Conj/Erth      6%         3d7       52%         3
g - Poisonous Vapours     Pois/Air       6%         N/A       30%         2
h - Sandblast             Erth           6%         2d5       21%         1

Your spell library contained the following spells:

 Spells                   Type           Power      Damage    Failure   Level
 Passage of Golubria      Tloc           3%         N/A       90%         4
 Blade Hands              Tmut           1%         N/A       99%         5
 Lee's Rapid Deconstruct  Erth           1%         3d5*      99%         5
 Silence                  Hex/Air        1%         N/A       99%         5
 Iron Shot                Conj/Erth      1%         9d1       100%        6
 Lehudib's Crystal Spear  Conj/Erth      1%         10d2      100%        8
 Animate Armour           Summ/Erth      Unusable   N/A       N/A         4

Dungeon Overview and Level Annotations

Branches:
Dungeon (8/15)             Temple (1/1) D:4            Lair (5/6) D:8
 Shoals (0/4) Lair:3        Snake (0/4) Lair:2
  Slime: Lair:5-6

Altars:
Ashenzari
Cheibriados
Dithmenos
Fedhas
Gozag
Hepliaklqana
Kikubaaqudgha
Makhleb
Nemelex Xobeh
Okawaru
Qazlal
Ru
Sif Muna
Trog
Uskayaw
Vehumet
Wu Jian
Xom
Yredelemnul
The Shining One

Shops:
D:3 ?   D:6 [   D:7 :

Annotations:
D:4 Robin
D:8 Amaemon
Lair:3 exclusion: 2 oklob plants


Innate Abilities, Weirdness & Mutations

You have sharp claws.
You have razor-sharp teeth.
You have supernaturally acute eyesight. (SInv)
You cover ground quickly. (Speed+)
You are covered in thick fur. (AC +2)
Your paws help you pounce on unaware monsters.
You are incapable of wielding weapons or throwing items.
You cannot wear armour.
You gain extra lives every three experience levels.


Message History

Your quokka is engulfed in calcifying dust.
You block the catoblepas's attack.
You scratch the catoblepas.
The catoblepas is moderately wounded.
Your quokka bites the catoblepas but does no damage.
The catoblepas breathes a plume of calcifying dust at you.
The blast of calcifying dust hits you.
Your quokka bites the catoblepas but does no damage.
You claw the catoblepas!
You bite the catoblepas, but do no damage.
The catoblepas is heavily wounded.
The catoblepas breathes a plume of calcifying dust at you.
The blast of calcifying dust hits you.
Your quokka bites the catoblepas.
The catoblepas gores your quokka!! Flame seeps out of your guardian golem.
Your guardian golem is engulfed in blazing flames.
Flame seeps out of your guardian golem.
Your quokka bites the catoblepas.
The catoblepas breathes a plume of calcifying dust at you.
The blast of calcifying dust hits you.
The blast of calcifying dust hits the plant!
The plant begins to die.
Your quokka bites the catoblepas but does no damage.
The bush is engulfed in calcifying dust.
The bush is engulfed in calcifying dust.
The bush turns to stone!
Your quokka disappears in a puff of smoke!
Your guardian golem is engulfed in blazing flames.
Flame seeps out of your guardian golem.
The plant is engulfed in calcifying dust.
The bush is engulfed in calcifying dust.
The bush is engulfed in calcifying dust.
The catoblepas misses you.
You scratch the catoblepas but do no damage.
The catoblepas is heavily wounded.
The bush is engulfed in calcifying dust.
Your guardian golem is no longer petrified.
Your hound is no longer petrified.
Your quokka bites the catoblepas but does no damage.
The catoblepas gores you!!
Ouch! That really hurt!
You die...

#### ### #### # ####
###.P####P######.#.#.#
....###.#...##..P.#...#..P.###
..............§.§.............
........#..#.....§............
........P.####..§....9#.P.#..P
...........PPP...§§h..#.P.....
.#......P.........§..........P
........##......@Yr........#..
.#......#....P.......#........
............PP............##..
##......##................# ..
.P...................#.#..#
............#.............P
........P...#..............
...........................
.[.........................


You could see a catoblepas (ally target), a friendly guardian golem (summoned,
inner flame), a friendly hound (summoned, sheltered) and a friendly quokka
(summoned, sheltered).

Vanquished Creatures
  Pikel (D:8)
  A black mamba (Lair:4)
  A cane toad (Lair:1)
  Psyche (D:8)
  4 komodo dragons
  A polar bear (Lair:2)
  7 blink frogs
  A shadow (D:8)
  A basilisk (Lair:3)
  A naga (Lair:2)
  8 water moccasins
  A warg (D:8)
  An orc warrior (D:7)
  5 black bears
  2 ice beasts (D:7)
  3 sky beasts
  5 centaurs
  3 ogres
  3 wolves (Lair:1)
  A phantom (D:7)
  2 scorpions
  9 bullfrogs
  2 hounds
  An orc priest (D:8)
  Jessica (D:2)
  6 iguanas
  3 orc wizards (D:8)
  A gnoll (D:1)
  7 adders
  A white imp (D:6)
  An ufetubus (D:5)
  A worm (D:4)
  6 dart slugs
  10 orcs
  11 ball pythons
  5 endoplasms
  2 giant cockroaches (D:2)
  10 goblins
  6 hobgoblins
  4 kobolds
  A quokka (D:4)
  6 bats
  2 frilled lizards (D:3)
  5 rats
154 creatures vanquished.

Vanquished Creatures (collateral kills)
  A komodo dragon (Lair:3)
  A blink frog (Lair:2)
  A warg (D:8)
  A centaur (Lair:3)
  2 orcs (D:8)
6 creatures vanquished.

Vanquished Creatures (others)
  A cane toad (Lair:1)
  2 komodo dragons
  4 blink frogs
  3 nagas (Lair:2)
  A black bear (D:4)
  3 wolves (Lair:3)
  A bullfrog (Lair:3)
  A bush (Lair:3)
  10 fungi
  32 plants
58 creatures vanquished.

Grand Total: 218 creatures vanquished

Notes
Turn   | Place    | Note
-------+----------+-------------------------------------------
     0 | D:5      | croobank the Felid Delver began the quest for the Orb.
     0 | D:5      | Reached XP level 1. HP: 10/10 MP: 2/2
     4 | D:5      | Identified the +4 robe of Articulation {Stlth+}
    30 | D:5      | Noticed a hound
    30 | D:5      | Noticed an iguana
    52 | D:5      | Noticed a scorpion
   148 | D:2      | Noticed Jessica
   386 | D:1      | Reached XP level 2. HP: 13/14 MP: 3/3
   701 | D:1      | Reached XP level 3. HP: 11/17 MP: 4/4
   837 | D:1      | Reached skill level 7 in Stealth
  1187 | D:2      | Found a faded altar of an unknown god.
  1231 | D:2      | Reached XP level 4. HP: 18/21 MP: 5/5
  1315 | D:2      | Killed Jessica
  1599 | D:2      | Identified the +1 hunting sling of Due Proportion {venom,
                  | Str+5}
  1683 | D:2      | HP: 1/22 [poisoned by an adder]
  2096 | D:3      | Found Lohaxtuwn's Magic Scroll Shop.
  2132 | D:3      | Bought a scroll of identify for 22 gold pieces
  2132 | D:3      | Bought a scroll of magic mapping for 38 gold pieces
  2491 | D:3      | Found a hide-covered altar of Uskayaw.
  2690 | D:4      | Noticed Robin
  2691 | D:4      | Noticed a scorpion
  3217 | D:5      | Reached XP level 5. HP: 25/25 MP: 6/6
  3243 | D:5      | Got Mixoyryg's Disquisition on Clay
  3379 | D:5      | Slain by an iguana
  3380 | D:5      | Reached XP level 4. HP: -1/22 MP: 5/5
  3407 | D:5      | Reached XP level 5. HP: 25/25 MP: 6/6
  3437 | D:5      | Noticed an ogre
  3592 | D:5      | Found a shimmering blue altar of Sif Muna.
  3625 | D:5      | Reached skill level 8 in Stealth
  3721 | D:5      | Noticed a sky beast
  3722 | D:5      | Noticed an ogre
  3737 | D:4      | Noticed an ogre
  4009 | D:4      | Noticed a black bear
  4016 | D:4      | Reached skill level 5 in Dodging
  4055 | D:4      | Found a bloodstained altar of Trog.
  4067 | D:4      | Killed a black bear
  4068 | D:4      | Gained mutation: You are covered in thick fur. (AC +2)
                  | [Felid growth]
  4068 | D:4      | Reached XP level 6. HP: 12/29 MP: 7/7
  4461 | D:4      | Found a staircase to the Ecumenical Temple.
  4470 | Temple   | Entered the Ecumenical Temple
  4533 | Temple   | Became a worshipper of Vehumet
  4805 | D:5      | Killed a sky beast
  4806 | D:5      | Reached skill level 5 in Fighting
  4806 | D:5      | Reached XP level 7. HP: 3/33 MP: 8/8
  5151 | D:5      | Learned a level 2 spell: Passwall
  5197 | D:6      | You fall into a shaft and drop 1 floor!
  5204 | D:7      | Found Loplovut's Book Shop.
  5224 | D:7      | Reached skill level 9 in Stealth
  5446 | D:7      | Reached skill level 5 in Unarmed Combat
  5593 | D:7      | Reached XP level 8. HP: 38/38 MP: 9/9
  5840 | D:6      | Found an opulent altar of Gozag.
  5938 | D:6      | Reached skill level 1 in Summonings
  6310 | D:6      | Reached skill level 10 in Stealth
  6310 | D:6      | Reached skill level 1 in Spellcasting
  6386 | D:6      | Found Vuuffag's Antique Armour Emporium.
  7242 | D:7      | Found a shadowy altar of Dithmenos.
  7286 | D:7      | Found a blossoming altar of Fedhas.
  7623 | D:8      | Reached XP level 9. HP: 42/42 MP: 11/13
  7878 | D:7      | Identified a scroll of acquirement
  7878 | D:7      | Acquired the ring "Oruppigg" {rC+++ EV+4 Str+3 Slay-4
                  | Stlth+}
  7885 | D:7      | Learned a level 3 spell: Call Canine Familiar
  8014 | D:8      | Noticed Psyche
  8047 | D:8      | Killed Psyche
  8115 | D:8      | Reached skill level 11 in Stealth
  8126 | D:8      | Noticed Pikel
  8136 | D:8      | Killed Pikel
  8205 | D:8      | Found a staircase to the Lair.
  8261 | D:8      | Noticed an orange demon
  8261 | D:8      | Noticed Amaemon
  8261 | D:8      | Reached * piety under Vehumet
  8261 | D:8      | Offered knowledge of Shock by Vehumet.
  8278 | Lair:1   | Entered Level 1 of the Lair of Beasts
  8278 | Lair:1   | Noticed a cane toad
  8280 | Lair:1   | Noticed a cane toad
  8281 | Lair:1   | Killed a cane toad
  8463 | Lair:1   | Learned a level 1 spell: Shock
  8505 | Lair:1   | Reached XP level 10. HP: 40/47 MP: 13/16
  8662 | Lair:1   | Learned a level 1 spell: Summon Small Mammal
  8666 | Lair:1   | Learned a level 3 spell: Summon Guardian Golem
  8670 | Lair:1   | Learned a level 3 spell: Stone Arrow
  8794 | Lair:1   | Noticed a cane toad
  8804 | Lair:1   | Slain by a cane toad
  8805 | Lair:1   | Reached XP level 9. HP: -5/43 MP: 10/15
  8848 | Lair:1   | Succumbed to a cane toad's poison
  8849 | Lair:1   | Reached XP level 8. HP: -1/40 MP: 7/14
  9344 | Lair:1   | Noticed a komodo dragon
  9363 | Lair:1   | Killed a komodo dragon
  9483 | Lair:1   | Noticed a blink frog
  9486 | Lair:1   | Noticed a blink frog
  9487 | Lair:1   | Noticed a blink frog
  9490 | Lair:1   | Killed a blink frog
  9491 | Lair:1   | Reached skill level 12 in Stealth
  9520 | Lair:1   | Killed a blink frog
  9521 | Lair:1   | Reached XP level 9. HP: 14/43 MP: 10/16
  9523 | Lair:1   | HP: 2/43 [blink frog (9)]
  9682 | Lair:1   | Killed a cane toad
 10131 | Lair:2   | Reached skill level 10 in Dodging
 10131 | Lair:2   | Reached skill level 5 in Summonings
 10405 | Lair:2   | Found a staircase to the Snake Pit.
 10552 | Lair:2   | Reached XP level 10. HP: 25/48 MP: 8/18
 11095 | Lair:3   | Reached skill level 5 in Spellcasting
 11095 | Lair:3   | Identified the +5 quarterstaff of the Warrior {venom,
                  | +Blink}
 11215 | Lair:3   | Identified the +5 spear "Benusepsi" {flame, *Rage Will+
                  | Dex+7}
 11451 | Lair:3   | Offered knowledge of Poisonous Vapours by Vehumet.
 11451 | Lair:3   | Reached ** piety under Vehumet
 11456 | Lair:3   | Learned a level 2 spell: Poisonous Vapours
 11501 | Lair:3   | Found a staircase to the Shoals.
 11875 | Lair:3   | Noticed an oklob plant
 12083 | Lair:3   | Found the amulet of the Air {Inacc Air Fly rElec RMsl}
 12650 | Lair:3   | Noticed an oklob plant
 12819 | Lair:4   | Learned a level 1 spell: Sandblast
 12986 | Lair:4   | Reached skill level 13 in Stealth
 13133 | Lair:4   | Noticed a black mamba
 13148 | Lair:4   | Killed a black mamba
 13172 | Lair:4   | Reached XP level 11. HP: 52/52 MP: 1/20
 13944 | Lair:5   | Noticed a catoblepas
 13983 | Lair:5   | Slain by a catoblepas

Illustrated notes

Levels and vault maps discovered:
D:1:      nicolae_arrival_memento_mori, layout_rooms
D:2:      layout_rooms, hellmonk_ecumenical_altar_blasted, uniq_jessica
D:3:      kennysheep_big_flooded_room, layout_rooms,
          mainiacjoe_overflow_alcove_4, serial_shops, shop
D:4:      layout_basic, mainiacjoe_overflow_brackets, minmay_temple_entry_trees,
          uniq_robin
D:5:      layout_basic, lemuel_blue_sif_altar
D:6:      layout_cave_pools, nicolae_gozag_cash_rules_everything_around_me,
          serial_shops, shop, nrook_mini_backslash
D:7:      layout_cave_pools, old_standard_altar, fedhas_altar_fruit_tree,
          serial_shops, nicolae_shop_hallway_plus
D:8:      layout_cave_pools, erik_lair_orcish_takeover, uniq_psyche,
          uniq_amaemon, uniq_pikel, uniq_grum
Temple:   eino_temple_water
Lair:1:   layout_regular_city, grunt_forest_stairs_basic, grunt_megastairs_2
Lair:2:   layout_roguey, guppyfry_snake_entry_garden, lemuel_another_geyser
Lair:3:   minmay_lair_oklob_tunnel, layout_long_grid,
          minmay_shoals_entry_centaurs
Lair:4:   layout_small_grid
Lair:5:   layout_regular_city, slime_dummy, nzn_ghost_randoct, minivault_24,
          grunt_forest_large_clearing_hut

Skill      XL: |  1  2  3  4  5  6  7  8  9 10 |
---------------+-------------------------------+-----
Dodging        | 3 4 5 6 7 10 | 10.8
Stealth        | 7 8 9 12 11 13 | 13.2
Unarmed Combat | 3 4 5 6 8 |  8.3
Fighting       | 4 5 6 8 |  8.6
Summonings     | 2 5 6 |  6.1
Spellcasting   | 4 3 5 |  5.6

Action                   |  1- 3 |  4- 6 |  7- 9 | 10-12 || total
-------------------------+-------+-------+-------+-------++-------
Melee: Unarmed           |    83 |   174 |   294 |    84 ||   635
       Bite              |     7 |    16 |    42 |    13 ||    78
       Punch             |     3 |     6 |     5 |     4 ||    18
 Cast: Summon Small Mamm |       |       |    23 |    24 ||    47
       Call Canine Famil |       |       |    23 |    21 ||    44
       Summon Guardian G |       |       |     6 |    12 ||    18
       Shock             |       |       |     9 |     1 ||    10
       Stone Arrow       |       |       |     2 |       ||     2
       Poisonous Vapours |       |       |       |    13 ||    13
Evoke: Wand              |       |     4 |     7 |       ||    11
  Use: Scroll            |     1 |    13 |     5 |     4 ||    23
       Potion            |     1 |     7 |     6 |     1 ||    15
 Stab: Sleeping          |     8 |    10 |    11 |    10 ||    39
       Distracted        |       |     2 |     3 |     1 ||     6
       Invisible         |       |       |     3 |       ||     3
Armor: Skin              |     2 |     8 |     6 |     1 ||    17
Dodge: Dodged            |    66 |   133 |   232 |   131 ||   562
Block: Other             |    13 |    35 |    66 |    19 ||   133
       Reflection        |     2 |       |       |     3 ||     5

Table legend: (Time is in decaauts)
 A = Elapsed time spent in this place.
 B = Non-inter-level travel time spent in this place.
 C = Inter-level travel time spent in this place.
 D = Time resting spent in this place.
 E = Time spent auto-exploring this place.
 F = Levels seen in this place.
 G = Mean time per level.
                   A        B        C        D        E       F      G
               +--------+--------+--------+--------+--------+-----+--------+
         Total |  12451 |  12233 |    218 |   3837 |   5551 |  14 |  889.4 |
       Dungeon |   7266 |   7154 |    112 |   2927 |   2318 |   8 |  908.2 |
        Temple |    174 |    159 |     15 |      0 |    144 |   1 |  174.0 |
          Lair |   5010 |   4920 |     90 |    909 |   3088 |   5 | 1002.0 |
               +--------+--------+--------+--------+--------+-----+--------+

Top non-repeatable levels by time:
  Lair:3: 1423 daAuts
  Lair:1: 1416 daAuts
     D:7: 1221 daAuts
     D:5: 1137 daAuts
  Lair:2: 1096 daAuts
     D:4: 1078 daAuts
  Lair:4: 987 daAuts
     D:6: 971 daAuts
     D:2: 934 daAuts
     D:1: 845 daAuts
     D:3: 615 daAuts
     D:8: 462 daAuts
  Temple: 174 daAuts
  Lair:5: 87 daAuts
